 Dungeon Crawl Stone Soup version 0.20.0-15-g7f486f2 (webtiles) character file.

210 anfisbena the Charmwright (level 5, 0/38 HPs)
             Began as a Merfolk Skald on June 15, 2017.
             Slain by a worker ant (4 damage)
             ... on level 3 of the Dungeon.
             The game lasted 00:04:53 (4488 turns).

anfisbena the Charmwright (Merfolk Skald)           Turns: 4488, Time: 00:04:54

Health: 0/38       AC:  3    Str: 10 (12) XL:     5   Next: 87%
Magic:  4/8        EV: 11    Int: 19 (20) God:
Gold:   145        SH:  2    Dex: 11 (13) Spells: 2/8 levels left

rFire    + . .     SeeInvis .   a - +0 spear
rCold    + . .     Gourm    .   v - -1 buckler (curse)
rNeg     + . .     Faith    .   b - +0 leather armour
rPois    +         Spirit   .   (no helmet)
rElec    +         Reflect  .   (no cloak)
rCorr    +         Harm     .   (no gloves)
MR       +....                  (no boots)
Stlth    +.........             (no amulet)
Regen    0.2/turn               k - ring of positive energy
MPRegen  0.2/turn               p - ring of protection from magic

@: brilliant, resistant, very slightly contaminated, invisible
A: change form in water, swift swim, stealthy swim, clever 1, high mp 1
a: no special abilities


You were on level 3 of the Dungeon.
You were not hungry.

You visited 1 branch of the dungeon, and saw 4 of its levels.

You collected 145 gold pieces.

Inventory:

Hand Weapons
 a - a +0 spear (weapon)
Armour
 b - a +0 leather armour (worn)
 v - a cursed -1 buckler (worn)
Jewellery
 k - a ring of positive energy (left hand)
 p - a ring of protection from magic (right hand)
 y - an uncursed amulet of magic regeneration {unknown}
Scrolls
 h - 2 scrolls of recharging {unknown}
 i - 2 scrolls of noise {unknown}
 j - 4 scrolls of identify {unknown}
 l - 2 scrolls of teleportation {unknown}
 m - a scroll of amnesia {unknown}
 o - 2 scrolls of remove curse {unknown}
 t - a scroll of immolation {unknown}
 w - 2 scrolls of enchant weapon {unknown}
Potions
 q - a potion of curing {unknown}
 r - a potion of heal wounds {unknown}
 u - a potion of brilliance
Books
 c - a book of Battle

   Spells                             Type                      Level
   a - Infusion                       Charms                       1
   b - Shroud of Golubria             Charms/Translocation         2
   c - Song of Slaying                Charms                       2
   d - Spectral Weapon                Hexes/Charms                 3
   e - Regeneration                   Charms/Necromancy            3
Comestibles
 d - 4 bread rations
 f - 2 meat rations
 g - 4 fruits


   Skills:
 - Level 2.1 Fighting
 - Level 3.0 Polearms
 - Level 0.6 Armour
 - Level 2.6 Dodging
 - Level 2.0 Spellcasting
 + Level 1.7 Hexes
 - Level 5.0 Charms
 - Level 3.0 Translocations


You had 2 spell levels left.
You knew the following spells:

 Your Spells              Type           Power        Failure   Level  Hunger
a - Infusion              Chrm           ####         1%          1    #......
b - Shroud of Golubria    Chrm/Tloc      ####......   1%          2    ###....
c - Spectral Weapon       Hex/Chrm       ####....     3%          3    ###....


Dungeon Overview and Level Annotations

Branches:
Dungeon (4/15)
 Temple: D:4-7

Altars:
Fedhas
Vehumet

Annotations:
D:4 Scuka's ghost, amateur CeHu


Innate Abilities, Weirdness & Mutations

You revert to your normal form in water.
You are very nimble and swift while swimming.
You are very stealthy in the water. (Stealth+)
Your mind is acute. (Int +2)
You have an increased reservoir of magic. (+10% MP)


Message History

It was a potion of resistance.
You feel protected. The worker ant closely misses you.
It was a potion of invisibility.
You fade into invisibility!
The worker ant barely misses you.
You are very lightly contaminated with residual magic.
The worker ant closely misses you.
You closely miss the worker ant.
The worker ant is severely wounded.
The worker ant bites you.
* * * LOW HITPOINT WARNING * * *
You hit the worker ant.
The worker ant is severely wounded.
The worker ant closely misses you.
It was a potion of degeneration.
There was something very wrong with that liquid.
You feel weakened.
You feel dopey.
You feel clumsy. The worker ant bites you.
You die...

.##.##....###############
.##.##..................#
..........#############.#
....#.[...#(.)........#.#
.####..#..#(#########.#.#
........[.#.# #.#.#
.[...[.[#.#.# #...#
######..#.#.#############
........#......a@...#
.#####..#.#.#######.#
.#........#.#.....#.#
..####..#.#.#<..#.#.#
........#...#####.#.#
...##..#######....#.#
....[.............#.#
##..#..#######.##.#.#
....#........#....#.#


You could see a worker ant.

Vanquished Creatures
  An orc priest (D:3)
  Jessica (D:2)
  2 orc wizards (D:3)
  3 adders (D:2)
  An ooze (D:3)
  2 worms
  2 dart slugs
  A leopard gecko (D:1)
  6 orcs
  5 bats
  3 giant cockroaches
  3 goblins
  6 hobgoblins
  7 jackals (D:1)
  3 kobolds
  A quokka (D:3)
  2 ball pythons (D:3)
  2 frilled lizards
  5 rats
56 creatures vanquished.

Notes
Turn   | Place    | Note
-------+----------+-------------------------------------------
     0 | D:1      | anfisbena the Merfolk Skald began the quest for the Orb.
     0 | D:1      | Reached XP level 1. HP: 16/16 MP: 3/3
   271 | D:1      | Reached XP level 2. HP: 18/22 MP: 1/5
   551 | D:1      | Reached skill level 4 in Charms
   555 | D:1      | Learned a level 2 spell: Shroud of Golubria
   772 | D:1      | Reached skill level 1 in Translocations
  1141 | D:2      | Reached XP level 3. HP: 23/27 MP: 6/6
  1291 | D:2      | Noticed Jessica
  1298 | D:2      | Killed Jessica
  1537 | D:2      | Reached XP level 4. HP: 23/33 MP: 7/7
  1768 | D:2      | Learned a level 3 spell: Spectral Weapon
  3563 | D:3      | Reached XP level 5. HP: 27/38 MP: 3/8
  3634 | D:3      | Reached skill level 5 in Charms
  3935 | D:3      | Reached skill level 1 in Hexes
  4122 | D:3      | Found a radiant altar of Vehumet.
  4442 | D:4      | Found a blossoming altar of Fedhas.
  4451 | D:4      | Noticed Scuka's ghost (amateur CeHu)
  4452 | D:4      | Noticed a sky beast
  4480 | D:3      | Gained mutation: Scrolls take you a little longer to read. [potion of mutation]
  4480 | D:3      | Gained mutation: Your mind is acute. (Int +2) [potion of mutation]
  4481 | D:3      | Lost mutation: Your mind is acute. (Int +2) [potion of mutation]
  4481 | D:3      | Lost mutation: Scrolls take you a little longer to read. [potion of mutation]
  4481 | D:3      | Gained mutation: You have an increased reservoir of magic. (+10% MP) [potion of mutation]
  4481 | D:3      | Gained mutation: Your mind is acute. (Int +2) [potion of mutation]
  4488 | D:3      | Slain by a worker ant

Skill      XL: |  1  2  3  4  5 |
---------------+----------------+-----
Charms         | 4 5 |  5.0
Translocations | 1 2 3 |  3.0
Hexes          | 1 |  1.7
Fighting       | |  2.1
Polearms       | |  3.0
Armour         | |  0.6
Dodging        | |  2.6
Spellcasting   | |  2.0

Action                   |  1- 3 |  4- 6 || total
-------------------------+-------+-------++-------
Melee: Spear             |    88 |   202 ||   290
 Cast: Infusion          |     6 |     7 ||    13
       Shroud of Golubri |       |     2 ||     2
  Use: Potion            |       |     6 ||     6
 Stab: Sleeping          |       |     2 ||     2
  Eat: Chunk             |     2 |    10 ||    12
Armor: Leather armour    |    14 |    42 ||    56
Dodge: Dodged            |    45 |   111 ||   156
Block: Buckler           |       |     7 ||     7
